 Dungeon Crawl Stone Soup version 0.30-a0-782-ge64f9170bb (webtiles) character file.

Game seed: 1449667533924931091

152 Leeroy the Insei (level 5, -2/33 HPs)
             Began as an Octopode Transmuter on Feb 22, 2023.
             Slain by a black bear (12 damage)
             ... on level 4 of the Dungeon.
             The game lasted 00:03:54 (3628 turns).

Leeroy the Insei (Octopode Transmuter)              Turns: 3628, Time: 00:03:55

Health: -2/33      AC:  1    Str:  9    XL:     5   Next: 34%
Magic:  8/8        EV: 13    Int: 17    God:
Gold:   129        SH:  0    Dex: 13    Spells: 4/8 levels left

rFire   . . .      SeeInvis .      - Unarmed
rCold   . . .      Faith    .    (no shield)
rNeg    . . .      Spirit   .    (helmet restricted)
rPois   .          Reflect  .    (no amulet)
rElec   .          Harm     .    (no ring)
rCorr   .          Rampage  .    (no ring)
Will    .....                    (no ring)
Stlth   ++                       (no ring)
HPRegen 0.25/turn                (no ring)
MPRegen 0.11/turn                (no ring)
                                 (no ring)
                                 (no ring)

@: no status effects
A: almost no armour, amphibious, 8 rings, camouflage 1, gelatinous body 1,
(nimble swimmer 1), tentacles
a: no special abilities


You were on level 4 of the Dungeon.
You visited 1 branch of the dungeon, and saw 4 of its levels.
You also visited: Sewer.

You collected 129 gold pieces.

Inventory:

Missiles
 g - 3 poisoned darts
Scrolls
 d - 2 scrolls of teleportation
 h - a scroll of enchant weapon
 i - 2 scrolls of amnesia
 m - a scroll of immolation
 n - 2 scrolls of enchant armour {unknown}
 o - a scroll of magic mapping
 r - 3 scrolls of identify
 s - a scroll of brand weapon {unknown}
Potions
 a - 3 potions of lignification
 b - 2 potions of mutation
 c - 3 potions of might
 e - a potion of ambrosia {unknown}
 f - 2 potions of cancellation {unknown}
 j - a potion of degeneration {unknown}
 k - 2 potions of haste {unknown}
 l - 3 potions of curing {unknown}
 p - a potion of magic {unknown}
 q - a potion of brilliance {unknown}


   Skills:
 - Level 1.0 Fighting
 - Level 2.0 Dodging
 + Level 5.9 Unarmed Combat
 - Level 2.0 Spellcasting
 - Level 2.0 Transmutations


You had 4 spell levels left.
You knew the following spells:

 Your Spells              Type           Power      Damage    Failure   Level
a - Beastly Appendage     Tmut           16%        N/A       9%          1
b - Spider Form           Tmut/Pois      5%         N/A       36%         3

Your spell library contained the following spells:

 Spells                   Type           Power      Damage    Failure   Level
 Wereblood                Tmut           8%         N/A       13%         2
 Ice Form                 Ice/Tmut       5%         N/A       77%         4


Dungeon Overview and Level Annotations

Branches:
Dungeon (4/15)              Sewer (visited)
 Temple: D:4-7

Altars:
Zin

Annotations:
D:3 1 runed translucent door, Crazy Yiuf


Innate Abilities, Weirdness & Mutations

You cannot wear most types of armour.
You are amphibious.
You can wear up to eight rings at the same time.
Your skin changes colour to match your surroundings (Stealth+).
Your rubbery body absorbs attacks. (AC +1, EV +1)
((You are camouflaged when in or above water. (Stealth+)))
You have tentacles for arms and can constrict up to eight enemies at once.


Message History

No target in view!
Could not explore, unopened runed door.
There is a stone staircase leading up here.
There is a stone staircase leading down here.
You climb downwards.
Found 6 stones.
There is a stone staircase leading up here.
A black bear is nearby!
A black bear is nearby!
The black bear growls angrily.
You tentacle-slap the black bear but do no damage.
You grab the black bear.
You constrict the black bear, but do no damage.
You tentacle-slap the black bear but do no damage.
You constrict the black bear. The black bear bites you.
The black bear closely misses you. x2
You tentacle-slap the black bear but do no damage.
You squeeze the black bear.
The black bear is lightly wounded.
You constrict the black bear. The black bear bites you.
The black bear claws you. x2
You tentacle-slap the black bear. You squeeze the black bear.
The black bear is heavily wounded.
You constrict the black bear. The black bear bites you.
The black bear misses you. The black bear claws you.
* * * LOW HITPOINT WARNING * * *
You are too injured to fight recklessly!
You are too injured to fight recklessly!
You are too injured to fight recklessly!
You tentacle-slap the black bear but do no damage.
The black bear is severely wounded.
You constrict the black bear. The black bear completely misses you.
The black bear closely misses you. The black bear barely misses you.
You tentacle-slap the black bear but do no damage.
The black bear is severely wounded.
You constrict the black bear.
The black bear goes berserk!
You tentacle-slap the black bear.
The black bear is almost dead.
You constrict the black bear. The black bear bites you!
You die...

#. #.
##.####
#.....#
#.....#
#.....#
#..h(.#
#..@..#
###<###
#.# #.#
#.. ###


You could see a black bear (berserk).

Vanquished Creatures
  4 adders
  2 river rats (Sewer)
  A worm (D:2)
  2 dart slugs (D:2)
  5 orcs (D:3)
  11 ball pythons
  5 endoplasms
  5 giant cockroaches
  3 goblins
  7 hobgoblins
  10 jackals (D:1)
  7 kobolds
  3 quokkas
  4 bats
  7 frilled lizards
  6 rats
82 creatures vanquished.

Notes
Turn   | Place    | Note
-------+----------+-------------------------------------------
     0 | D:1      | Leeroy the Octopode Transmuter began the quest for the Orb.
     0 | D:1      | Reached XP level 1. HP: 13/13 MP: 3/3
    39 | D:1      | Reached XP level 2. HP: 10/18 MP: 3/5
   376 | D:1      | Reached skill level 4 in Unarmed Combat
   400 | D:1      | Reached XP level 3. HP: 9/23 MP: 6/6
   426 | D:1      | Learned a level 3 spell: Spider Form
  1341 | D:2      | Reached XP level 4. HP: 28/28 MP: 7/7
  1600 | D:2      | Found a glowing silver altar of Zin.
  1709 | D:2      | Found a faded altar of an unknown god.
  1758 | D:2      | Reached skill level 5 in Unarmed Combat
  2076 | D:3      | Found a glowing drain.
  2087 | Sewer    | Entered a sewer
  2376 | Sewer    | Reached XP level 5. HP: 27/33 MP: 8/8
  3325 | D:3      | Found a runed translucent door.
  3326 | D:3      | Noticed Crazy Yiuf
  3620 | D:4      | Noticed a black bear
  3628 | D:4      | Slain by a black bear

Illustrated notes

Levels and vault maps discovered:
D:1:      heliophobic_arrival_ceremonial_halls, layout_basic, serial_rivers,
          chequers_serial_rivers_micro_e, chequers_serial_rivers_small_b,
          chequers_serial_rivers_room_b, chequers_serial_rivers_micro_a
D:2:      layout_rooms, ebering_ecumenical_altar_sacrificial, basic_altar,
          reono_crystal_passage, minmay_hedge_maze
D:3:      layout_loops_ring, portal_sewer_entry_d, chequers_garden,
          nicolae_kite_square_tiling_tiny, hex_tiny, uniq_crazy_yiuf_cottage
D:4:      layout_loops_corners, minmay_misc_feat_plants,
          kennysheep_generic_room_4, uniq_sigmund

Skill      XL: |  1  2  3  4 |
---------------+-------------+-----
Unarmed Combat | 4 5 |  5.9
Fighting       | |  1.0
Dodging        | |  2.0
Spellcasting   | |  2.0
Transmutations | |  2.0

Action                     |  1- 3 |  4- 6 || total
---------------------------+-------+-------++-------
  Melee: Unarmed           |   108 |   101 ||   209
         Constrict         |    27 |    22 ||    49
         Tentacles         |    21 |    17 ||    38
         Kick              |     5 |       ||     5
         Punch             |     6 |     4 ||    10
   Cast: Beastly Appendage |     3 |       ||     3
    Use: Scroll            |       |     8 ||     8
   Stab: Sleeping          |     4 |     9 ||    13
 Armour: Skin              |    16 |     4 ||    20
  Dodge: Dodged            |    91 |    62 ||   153

Table legend: (Time is in decaauts)
 A = Elapsed time spent in this place.
 B = Non-inter-level travel time spent in this place.
 C = Inter-level travel time spent in this place.
 D = Time resting spent in this place.
 E = Time spent auto-exploring this place.
 F = Levels seen in this place.
 G = Mean time per level.
                   A        B        C        D        E       F      G
               +--------+--------+--------+--------+--------+-----+--------+
         Total |   3608 |   3434 |    174 |    382 |   2402 |   5 |  721.6 |
       Dungeon |   2916 |   2742 |    174 |     68 |   2154 |   4 |  729.0 |
         Sewer |    692 |    692 |      0 |    314 |    248 |   1 |  692.0 |
               +--------+--------+--------+--------+--------+-----+--------+

Top non-repeatable levels by time:
     D:1: 1183 daAuts
     D:3: 1057 daAuts
   Sewer: 692 daAuts
     D:2: 667 daAuts
     D:4: 7 daAuts
